 Dungeon Crawl Stone Soup version bcrawl-1.38b (webtiles) character file.

Game seed: 16445805654445724445

328186 EarthwalkerPL the Cleaver (level 10, -9/94 HPs)
             Began as a Minotaur Fighter on Feb 18, 2023.
             Was a High Priest of Okawaru.
             Mangled by a troll (10 damage)
             ... on level 9 of the Dungeon.
             The game lasted 00:23:23 (8992 turns).

EarthwalkerPL the Cleaver (Minotaur Fighter)        Turns: 8992, Time: 00:23:24

Health: -9/94      AC: 19    Str: 24    XL:     10   Next: 73%
Magic:  9/9        EV:  5    Int:  5    God:    Okawaru [*****.]
Gold:   741        SH: 11    Dex: 10    Spells: 9/9 levels left

rFire    . . .     GDR:     31% H - +0 broad axe
rCold    + . .     SeeInvis .   c - +0 medium shield
rNeg     . . .     Gourm    .   L - +2 plate armour {rC+}
rPois    +         Faith    .   (helmet restricted)
rElec    .         Spirit   .   g - +0 cloak
rCorr    .         Reflect  .   (no gloves)
MR       .....                  r - +0 pair of boots
Stlth    ..........             (no amulet)
HPRegen  0.25/turn              w - ring "Catu Vey" {+Fly rPois}
MPRegen  0.11/turn              A - ring of poison resistance (curse)

@: no status effects
A: retaliatory headbutt, horns 2
a: Heroism, Finesse, Renounce Religion, Evoke Flight


You were on level 9 of the Dungeon.
You worshipped Okawaru.
Okawaru was extremely pleased with you.
You were hungry.

You visited 2 branches of the dungeon, and saw 10 of its levels.

You collected 741 gold pieces.

Inventory:

Hand Weapons
 a - a +0 war axe
 H - a +0 broad axe (weapon)
Armour
 b - a +0 scale mail
 c - a +0 medium shield (worn)
 g - a +0 cloak (worn)
 q - a +0 plate armour
 r - a +0 pair of boots (worn)
 L - a +2 plate armour of cold resistance (worn)
Jewellery
 w - the ring "Catu Vey" (left hand) {+Fly rPois}
   (You found it on level 5 of the Dungeon)

   [ring of flight]

   It protects you from poison.
   It lets you fly.
 A - a cursed ring of poison resistance (right hand)
 E - an uncursed ring of protection from fire
Wands
 D - a wand of paralysis (5)
 G - a wand of clouds (4)
 I - a wand of flame (20)
 J - a wand of random effects (8)
Scrolls
 f - 3 scrolls of magic mapping
 h - 3 scrolls of blinking
 l - 3 scrolls of enchant weapon
 n - 3 scrolls of remove curse
 u - 3 scrolls of immolation
 v - 3 scrolls of teleportation
 y - a scroll of noise
 C - 2 scrolls of fear
 K - a scroll of enchant armour
Potions
 d - a potion of might
 j - 2 potions of brilliance {unknown}
 k - a potion of ambrosia {unknown}
 m - a potion of lignification {unknown}
 o - 2 potions of cancellation {unknown}
 p - 3 potions of curing {unknown}
 s - 2 potions of invisibility {unknown}
 t - a potion of magic {unknown}
 x - 2 potions of flight {unknown}
 z - a potion of experience {unknown}
 B - 3 potions of heal wounds {unknown}
 F - 2 potions of haste {unknown}
Comestibles
 e - 17 rations {!d}


   Skills:
 * Level 10.5 Fighting
 * Level 11.2 Axes
 * Level 10.8 Armour
 - Level 1.3 Dodging
 + Level 8.5 Shields


You had 9 spell levels left.
You didn't know any spells.
Your spell library contained the following spells:

 Spells                   Type           Power        Failure   Level  Hunger
 Magic Dart               Conj           #...         100%        1    None
 Summon Small Mammal      Summ           #...         100%        1    None
 Blink                    Tloc           N/A          100%        2    ####...
 Call Imp                 Summ           #.....       100%        2    ####...
 Call Canine Familiar     Summ           #.......     100%        3    #####..
 Conjure Flame            Conj/Fire      #.......     100%        3    #####..
 Mephitic Cloud           Conj/Pois/Air  #.......     100%        3    #####..
 Spider Form              Tmut/Pois      #..          100%        3    #####..
 Summon Ice Beast         Ice/Summ       #.......     100%        4    ######.
 Summon Lightning Spire   Summ/Air       #.......     100%        5    #######


Dungeon Overview and Level Annotations

Branches:
Dungeon (9/12)             Temple (1/1) D:7            Lair (0/6) D:9
    Orc (0/1) D:9

Altars:
Ashenzari
Cheibriados
Dithmenos
Elyvilon
Fedhas
Gozag
Hepliaklqana
Kikubaaqudgha
Lugonu
Makhleb
Nemelex Xobeh
Okawaru
Qazlal
Ru
Sif Muna
Trog
Uskayaw
Vehumet
Wu Jian
Xom
Yredelemnul
Zin
The Shining One

Annotations:
D:4 3 runed translucent doors, foxfromabyss's ghost, novice HOAc
D:8 3 runed translucent doors, yrara's ghost, novice DsFi


Innate Abilities, Weirdness & Mutations

You reflexively headbutt those who attack you in melee.
You have a pair of horns on your head.


Message History

* * * LOW HITPOINT WARNING * * *
The troll claws you but does no damage. You block the orc warrior's attack.
You hit the orc warrior but do no damage.
You headbutt the orc warrior.
The orc warrior is severely wounded.
You hit the troll. The troll bites you but does no damage.
You block the troll's attack. x2; You block the orc warrior's attack.
You closely miss the orc warrior.
The orc warrior is severely wounded.
Your plate armour prevents you from hitting the troll.
The troll bites you but does no damage. The troll barely misses you.
You block the troll's attack. You block the orc warrior's attack.
Your shield and plate armour prevent you from hitting the orc warrior.
The orc warrior is severely wounded.
You barely miss the troll. You block the troll's attack. The troll claws you.
* * * LOW HITPOINT WARNING * * *
The troll claws you.
* * * LOW HITPOINT WARNING * * *
You block the orc warrior's attack. The troll bites you!
You die...

.......#################.########
.................................
###................########......
#................# #..####
#................# #..#
#................# #..#
###.............<..########..#
...............T.............####
...............)@................
...............o################.
#####.########..# #. #.# #..# #.
#.# #..# #. #.# #..# #.
#####.########..################.
.....................o...).K.....
##.#############.........#.######


You could see a troll and an orc warrior.

Vanquished Creatures
  A troll (D:8)
  2 hornets
  Prince Ribbit (D:7)
  2 hippogriffs
  A spriggan (D:7)
  4 yaks (D:9)
  2 crocodiles (D:8)
  5 porcupines
  An orc warrior (D:9)
  4 sky beasts
  A hornet zombie (D:8)
  3 ice beasts
  A phantom (D:4)
  6 ogres
  5 bullfrogs
  4 kobold brigands
  A gnoll sergeant (D:9)
  3 centaurs
  2 scorpions
  9 howler monkeys
  6 orc priests
  2 crimson imps
  3 jellies
  5 hounds
  A bullfrog skeleton (D:4)
  3 iguanas
  6 worker ants
  8 orc wizards
  2 hound zombies
  2 hound skeletons
  4 gnolls (D:7)
  11 adders
  A shadow imp (D:6)
  6 adder skeletons
  4 adder zombies
  3 dart slugs
  7 leopard geckos
  27 orcs
  7 bats
  4 giant cockroaches
  7 goblins
  8 hobgoblins
  6 jackals
  6 quokkas
  2 frilled lizards
  A giant cockroach zombie (D:2)
  13 kobolds
  3 quokka skeletons
  A quokka zombie (D:3)
  4 rats
  A fungus (D:9)
222 creatures vanquished.

Vanquished Creatures (others)
  10 fungi (D:9)
  2 plants
12 creatures vanquished.

Grand Total: 234 creatures vanquished

Notes
Turn   | Place    | Note
-------+----------+-------------------------------------------
     0 | D:1      | EarthwalkerPL the Minotaur Fighter began the quest for the
                  | Orb.
     0 | D:1      | Reached XP level 1. HP: 19/19 MP: 0/0
   190 | D:1      | Reached XP level 2. HP: 20/27 MP: 1/1
   862 | D:2      | Reached XP level 3. HP: 33/33 MP: 2/2
   884 | D:2      | Reached skill level 3 in Axes
  1157 | D:2      | Reached XP level 4. HP: 36/40 MP: 3/3
  1192 | D:2      | Reached skill level 4 in Axes
  1677 | D:3      | Reached XP level 5. HP: 46/46 MP: 4/4
  1748 | D:3      | Reached skill level 5 in Axes
  2269 | D:4      | Found a runed translucent gate.
  2269 | D:4      | Found a runed translucent gate.
  2269 | D:4      | Noticed foxfromabyss's ghost (novice HOAc)
  2270 | D:4      | Identified the +4 whip of the Lair of Beasts {elec, Int-2
                  | Dex+4}
  2271 | D:4      | Found a runed translucent gate.
  2280 | D:4      | Noticed a phantom
  2296 | D:4      | Killed a phantom
  2297 | D:4      | Reached XP level 6. HP: 51/53 MP: 5/5
  2315 | D:4      | Reached skill level 5 in Armour
  2425 | D:4      | Reached skill level 6 in Axes
  2425 | D:4      | Reached skill level 1 in Dodging
  2429 | D:4      | Reached skill level 5 in Shields
  2503 | D:4      | Reached XP level 7. HP: 48/60 MP: 6/6
  2827 | D:4      | Reached skill level 5 in Fighting
  2954 | D:4      | Found an iron altar of Okawaru.
  2965 | D:4      | Became a worshipper of Warmaster Okawaru
  3502 | D:5      | Entered Level 5 of the Dungeon
  3524 | D:5      | Reached skill level 7 in Axes
  3705 | D:5      | Got a slimy bone ring
  3706 | D:5      | Identified the ring "Catu Vey" {+Fly rPois} (You found it
                  | on level 5 of the Dungeon)
  3822 | D:5      | Noticed a hippogriff
  3840 | D:5      | Killed a hippogriff
  3840 | D:5      | Reached * piety under Okawaru
  3841 | D:5      | Reached XP level 8. HP: 39/70 MP: 7/7
  4178 | D:5      | Found a shimmering blue altar of Sif Muna.
  4679 | D:6      | Reached skill level 8 in Axes
  5665 | D:7      | Reached ** piety under Okawaru
  5746 | D:7      | Reached XP level 9. HP: 79/79 MP: 8/8
  5773 | D:7      | Reached skill level 9 in Axes
  6219 | D:7      | Noticed Prince Ribbit
  6222 | D:7      | Killed Prince Ribbit
  6222 | D:7      | Reached *** piety under Okawaru
  6287 | D:7      | Found a stormy altar of Qazlal.
  6294 | D:7      | Found a glowing golden altar of the Shining One.
  6376 | D:7      | Found a staircase to the Ecumenical Temple.
  6386 | Temple   | Entered the Ecumenical Temple
  6931 | D:7      | Noticed a skeletal warrior
  7089 | D:8      | Found a runed translucent gate.
  7089 | D:8      | Found a runed translucent gate.
  7138 | D:8      | Noticed yrara's ghost (novice DsFi)
  7148 | D:8      | Noticed a troll
  7161 | D:8      | Killed a troll
  7162 | D:8      | Reached skill level 10 in Axes
  7269 | D:8      | Found a runed translucent gate.
  7275 | D:8      | Found a roughly hewn altar of Beogh.
  7457 | D:8      | Found a shattered altar of Ashenzari.
  7733 | D:9      | Reached XP level 10. HP: 88/91 MP: 9/9
  7818 | D:9      | Reached **** piety under Okawaru
  7847 | D:9      | Found a staircase to the Lair.
  7887 | D:8      | Reached skill level 10 in Armour
  8089 | D:9      | Reached skill level 10 in Fighting
  8500 | D:9      | Reached skill level 11 in Axes
  8713 | D:9      | Found a staircase to the Orcish Mines.
  8848 | D:8      | Reached ***** piety under Okawaru
  8992 | D:9      | HP: 2/94 [troll (4)]
  8992 | D:9      | Mangled by a troll

Skill      XL: |  1  2  3  4  5  6  7  8  9 10 |
---------------+-------------------------------+-----
Armour         | 4 5 6 8 9 10 | 10.8
Shields        | 4 5 6 7 8 |  8.5
Axes           | 3 4 5 6 7 8 10 11 | 11.2
Fighting       | 4 6 7 9 10 | 10.5
Dodging        | 1 |  1.3

Action                   |  1- 3 |  4- 6 |  7- 9 | 10-12 || total
-------------------------+-------+-------+-------+-------++-------
Melee: War axe           |    99 |   145 |   235 |       ||   479
       Headbutt          |    11 |    21 |    63 |    23 ||   118
       Broad axe         |       |       |    87 |   123 ||   210
  Use: Scroll            |       |     3 |     8 |     2 ||    13
  Eat: Chunk             |     5 |     9 |    18 |     4 ||    36
       Ration            |       |       |     2 |     1 ||     3
Armor: Scale mail        |    60 |    61 |    49 |       ||   170
       Plate armour      |       |       |   131 |   106 ||   237
Dodge: Dodged            |    27 |    32 |    57 |    23 ||   139
Block: Medium shield     |    66 |    84 |   167 |   122 ||   439
